 Dungeon Crawl Stone Soup version 0.30-a0-358-g0d69a1922f (webtiles) character file.

Game seed: 17210300395870179183

56 koil the Sneak (level 3, -4/25 HPs)
             Began as a Vampire Enchanter on Nov 10, 2022.
             Frozen to death by an endoplasm (5 damage)
             ... on level 2 of the Dungeon.
             The game lasted 00:03:39 (828 turns).

koil the Sneak (Vampire Enchanter)                   Turns: 828, Time: 00:03:40

Health: -4/25      AC:  6    Str:  7    XL:     3   Next: 71%
Magic:  6/6        EV: 12    Int: 19    God:
Gold:   57         SH:  0    Dex: 14    Spells: 1/6 levels left

rFire   . . .      SeeInvis +    a - +1 dagger
rCold   . . .      Faith    .    (no shield)
rNeg    . . .      Spirit   .    b - +0 robe
rPois   .          Reflect  .    (no helmet)
rElec   .          Harm     .    d - +1 cloak {rCorr}
rCorr   +          Rampage  .    (no gloves)
Will    .....                    e - +1 pair of boots
Stlth   +++.......               (no amulet)
HPRegen 0.44/turn                i - ring of wizardry
MPRegen 0.10/turn                (no ring)

@: lethally poisoned (-4 -> -5), healing quickly
A: alive, fangs 3, see invisible, vampiric 2
a: Exsanguinate


You were on level 2 of the Dungeon.
You visited 1 branch of the dungeon, and saw 2 of its levels.

You collected 57 gold pieces.

Inventory:

Hand Weapons
 a - a +1 dagger (weapon)
Armour
 b - a +0 robe (worn)
 d - a +1 cloak of preservation (worn)
 e - a +1 pair of boots (worn)
Jewellery
 i - a ring of wizardry (left hand)
Scrolls
 f - a scroll of enchant armour {unknown}
 g - 6 scrolls of identify {unknown}
 l - a scroll of vulnerability {unknown}
Potions
 c - 2 potions of invisibility
 j - a potion of flight {unknown}
 k - a potion of attraction {unknown}


   Skills:
 + Level 0.7 Fighting
 + Level 1.8 Short Blades
 + Level 0.7 Armour
 + Level 2.7 Dodging
 + Level 4.9 Stealth
 + Level 2.3 Spellcasting
 + Level 4.8 Hexes


You had one spell level left.
You knew the following spells:

 Your Spells              Type           Power      Damage    Failure   Level
a - Ensorcelled Hibernat  Hex/Ice        22%        N/A       3%          2
b - Confusing Touch       Hex            20%        N/A       2%          3

Your spell library contained the following spells:

 Spells                   Type           Power      Damage    Failure   Level
 Tukima's Dance           Hex            20%        N/A       2%          3
 Dazzling Flash           Conj/Hex       22%        N/A       8%          3


Dungeon Overview and Level Annotations

Branches:
Dungeon (2/15)

Altars:
Trog
Xom


Innate Abilities, Weirdness & Mutations

Your natural rate of healing is accelerated.
You have razor-sharp teeth.
You have supernaturally acute eyesight. (SInv)
You are afflicted with vampirism and can become a bat while bloodless.


Message History

You miss the adder.
The adder is moderately wounded.
You feel sick.
The ball python bites you but does no damage.
The ball python closely misses you. The adder misses you.
The endoplasm hits you. The hobgoblin misses you.
You hit the adder.
The adder is severely wounded.
You feel sick.
The ball python bites you but does no damage.
The ball python barely misses you. The adder barely misses you.
The hobgoblin hits you. The endoplasm freezes you.
You are frozen.
The ball python bites you but does no damage.
The ball python barely misses you.
You miss the adder.
The adder is severely wounded.
You feel sick. The adder bites you.
* * * LOW HITPOINT WARNING * * *
The endoplasm hits you but does no damage.
The ball python misses you. The ball python barely misses you.
The hobgoblin barely misses you. The adder bites you.
* * * LOW HITPOINT WARNING * * *
You hit the hobgoblin but do no damage.
You bite the hobgoblin, but do no damage.
You feel sick. The ball python bites you.
* * * LOW HITPOINT WARNING * * *
The ball python misses you. The adder bites you but does no damage.
The hobgoblin misses you. The endoplasm closely misses you.
Unknown command.
It was a potion of magic.
Magic courses through your body.
You feel sick. The adder bites you.
* * * LOW HITPOINT WARNING * * *
The ball python bites you but does no damage.
The ball python closely misses you.
The hobgoblin hits you but does no damage.
The endoplasm freezes you.
You are frozen.
You die...

......................B# ?
...........†........##/..#
....................!###.#.
.....................#.....
.................[...........
......................#......#
.##...###....!................
.##...# #......J#g#.###......#
.♣#...# ###...BS@S.........
.♣##### ############....S .♣
.>.. .♣ .## .♣ # .♣


You could see an adder, an endoplasm, a giant cockroach, a hobgoblin and a ball
python.

Vanquished Creatures
  2 adders (D:2)
  A dart slug (D:2)
  4 bats
  3 endoplasms
  2 hobgoblins (D:1)
  6 jackals (D:1)
  5 kobolds
  5 ball pythons
  2 frilled lizards
  A goblin (D:2)
  3 rats
34 creatures vanquished.

Notes
Turn   | Place    | Note
-------+----------+-------------------------------------------
     0 | D:1      | koil the Vampire Enchanter began the quest for the Orb.
     0 | D:1      | Reached XP level 1. HP: 13/13 MP: 3/3
   185 | D:1      | Reached XP level 2. HP: 10/19 MP: 5/5
   522 | D:2      | Found a shimmering altar of Xom.
   538 | D:2      | Gained mutation: You are afflicted with vampirism and can
                  | become a bat while bloodless. [Vampire growth]
   538 | D:2      | Reached XP level 3. HP: 18/25 MP: 6/6
   557 | D:2      | Learned a level 2 spell: Ensorcelled Hibernation
   561 | D:2      | Learned a level 3 spell: Confusing Touch
   793 | D:2      | Found a bloodstained altar of Trog.
   827 | D:2      | HP: 5/25 [poisoned by an adder]
   828 | D:2      | HP: 1/25 [adder (2)]
   828 | D:2      | Frozen to death by an endoplasm

Illustrated notes

Levels and vault maps discovered:
D:1:      shiori_arrival_elements, layout_basic
D:2:      layout_basic, basic_altar, dreamdust_princess_corridor,
          minmay_hexomino_r4

Action                   || total
-------------------------++-------
Melee: Dagger            ||   121
       Bite              ||     9
       Punch             ||     2
 Cast: Ensorcelled Hiber ||     5
  Use: Potion            ||     1
 Stab: Sleeping          ||    10
Armor: Robe              ||    68
Dodge: Dodged            ||   124

Table legend: (Time is in decaauts)
 A = Elapsed time spent in this place.
 B = Non-inter-level travel time spent in this place.
 C = Inter-level travel time spent in this place.
 D = Time resting spent in this place.
 E = Time spent auto-exploring this place.
 F = Levels seen in this place.
 G = Mean time per level.
                   A        B        C        D        E       F      G
               +--------+--------+--------+--------+--------+-----+--------+
         Total |    818 |    815 |      3 |      0 |    531 |   2 |  409.0 |
       Dungeon |    818 |    815 |      3 |      0 |    531 |   2 |  409.0 |
               +--------+--------+--------+--------+--------+-----+--------+

Top non-repeatable levels by time:
     D:1: 516 daAuts
     D:2: 301 daAuts
